 Dungeon Crawl Stone Soup version 0.20-a0-556-g892c87b (webtiles) character file.

58 stigmas the Insei (level 3, -1/27 HPs)
             Began as a Demonspawn Transmuter on Feb 6, 2017.
             Slain by a hobgoblin
             ... wielding a +0 club
              (4 damage)
             ... on level 2 of the Dungeon.
             The game lasted 00:03:34 (2100 turns).

stigmas the Insei (Demonspawn Transmuter)           Turns: 2100, Time: 00:03:35

Health: -1/27      AC:  3    Str: 10    XL:     3   Next: 75%
Magic:  6/6        EV: 12    Int: 15    God:
Gold:   36         SH:  0    Dex: 13    Spells: 5/6 levels left

rFire    . . .     SeeInvis .     - Unarmed
rCold    + . .     Gourm    .   f - +0 leather armour
rNeg     . . .     Faith    .   (no shield)
rPois    .         Spirit   .   (no helmet)
rElec    .         Reflect  .   (no cloak)
rCorr    .         Harm     .   (no gloves)
MR       .....                  (no boots)
Stlth    +.........             (no amulet)
Regen    0.1/turn               (no ring)
                                (no ring)

@: no status effects
A: cold resistance 1
a: no special abilities


You were on level 2 of the Dungeon.
You were not hungry.

You visited 1 branch of the dungeon, and saw 2 of its levels.

You collected 36 gold pieces.

Inventory:

Missiles
 a - 12 arrows
Armour
 b - a +0 robe
 f - a +0 leather armour (worn)
Scrolls
 g - 2 scrolls of remove curse {unknown}
 h - a scroll of magic mapping {unknown}
 i - a scroll of blinking {unknown}
 j - 2 scrolls of teleportation {unknown}
Potions
 e - a potion of cure mutation {unknown}
 l - a potion of degeneration {unknown}
 m - a potion of haste {unknown}
Books
 c - a book of Changes

   Spells                             Type                      Level
   a - Beastly Appendage              Transmutation                1
   b - Sticks to Snakes               Transmutation                2
   c - Spider Form                    Transmutation/Poison         3
   d - Ice Form                       Ice/Transmutation            4
   e - Blade Hands                    Transmutation                5
Comestibles
 d - a bread ration
 k - a meat ration


   Skills:
 * Level 1.8 Fighting
 + Level 0.5 Armour
 + Level 2.0 Dodging
 * Level 3.3 Unarmed Combat
 * Level 2.3 Spellcasting
 * Level 2.0 Transmutations


You had 5 spell levels left.
You knew the following spells:

 Your Spells              Type           Power        Failure   Level  Hunger
a - Beastly Appendage     Tmut           #.....       14%         1    #......


Dungeon Overview and Level Annotations

Branches:
Dungeon (2/15)

Altars:


Innate Abilities, Weirdness & Mutations

Your flesh is cold resistant. (rC+)


Message History

The hobgoblin barely misses you. The hobgoblin hits you with a club.
You see here a giant cockroach corpse.
You hit the hobgoblin but do no damage. The hobgoblin barely misses you.
You closely miss the hobgoblin. The hobgoblin hits you with a club.
You hit the hobgoblin but do no damage. The hobgoblin hits you with a club.
* * * LOW HITPOINT WARNING * * *
You hit the hobgoblin.
The hobgoblin is almost dead.
You completely miss the hobgoblin.
The hobgoblin is almost dead.
The hobgoblin completely misses you.
You closely miss the hobgoblin.
The hobgoblin is almost dead.
The hobgoblin hits you with a club.
* * * LOW HITPOINT WARNING * * *
You barely miss the hobgoblin.
The hobgoblin is almost dead.
The hobgoblin hits you with a club.
You die...

K.h..........# .###.#
.(...........# ..##.#
.............### #.##.#
#................ # #.##.#
#......(...#.###..###.##รท##
#..####(####.# ##.........#
##...##...##.# #..........#
#.#...##.g..##.......<...#
..........@.....######.##..
.#####.##.###.#### #.####
#(...# #))(.#####...##
#...## ####....####.## #>..
####........ #..## #####.###
#.# .........## ..
########### #


You could see a hobgoblin.

Vanquished Creatures
  An adder (D:2)
  A dart slug (D:1)
  3 bats
  3 giant cockroaches
  7 goblins (D:1)
  2 hobgoblins (D:1)
  10 jackals
  4 kobolds
  5 frilled lizards
  7 rats
43 creatures vanquished.

Notes
Turn   | Place    | Note
-------+----------+-------------------------------------------
     0 | D:1      | stigmas the Demonspawn Transmuter began the quest for the Orb.
     0 | D:1      | Reached XP level 1. HP: 15/15 MP: 3/3
   433 | D:1      | Gained mutation: Your flesh is cold resistant. (rC+) [demonic ancestry]
   433 | D:1      | Reached XP level 2. HP: 21/21 MP: 5/5
   463 | D:1      | Reached skill level 3 in Unarmed Combat
  1291 | D:1      | Reached XP level 3. HP: 19/26 MP: 6/6
  2100 | D:2      | Slain by a hobgoblin

Vault maps used:
D:1:      dpeg_arrival_triangle_fractal
D:2:      minmay_door_square, uniq_sigmund

Skill      XL: |  1  2  3 |
---------------+----------+-----
Unarmed Combat | 3 |  3.3
Dodging        | 2 |  2.0
Transmutations | 2 |  2.0
Fighting       | |  1.8
Armour         | |  0.5
Spellcasting   | |  2.3

Action                   || total
-------------------------++-------
Melee: Unarmed           ||   187
       Punch             ||     1
 Cast: Beastly Appendage ||     1
  Eat: Chunk             ||     4
Armor: Robe              ||     4
       Leather armour    ||    45
Dodge: Dodged            ||   129
